 Dungeon Crawl Stone Soup version 0.29.1-12-g30fa7ad0bf (webtiles) character file.

Game seed: 13534316872670658509

1764 Radix the Trooper (level 9, 0/71 HPs)
             Began as a Human Cinder Acolyte on Jan 14, 2023.
             Was a Believer of Ignis.
             Slain by a hornet (6 damage)
             ... on level 7 of the Dungeon.
             The game lasted 00:24:10 (7035 turns).

Radix the Trooper (Human Cinder Acolyte)            Turns: 7035, Time: 00:24:11

Health: 0/71       AC:  6    Str: 18    XL:     9   Next: 28%
Magic:  15/16      EV: 11    Int: 16    God:    Ignis [**....]
Gold:   253        SH:  0    Dex:  8    Spells: 16/18 levels left

rFire   + . .      SeeInvis .   d - +4 trident (spect)
rCold   + . .      Faith    .   (no shield)
rNeg    . . .      Spirit   .   b - +0 robe
rPois   .          Reflect  .   q - +2 helmet
rElec   .          Harm     .   f - +0 cloak
rCorr   .          Rampage  .   (no gloves)
Will    .....                   (no boots)
Stlth   +.........              (no amulet)
HPRegen 0.21/turn               m - ring of protection from cold
MPRegen 0.15/turn               (no ring)

@: lethally poisoned (0 -> -20), slowed, very slow
A: no striking features
a: Renounce Religion, Fiery Armour, Foxfire Swarm, Rising Flame


You were on level 7 of the Dungeon.
You worshipped Ignis.
Ignis was pleased with you.
You visited 1 branch of the dungeon, and saw 7 of its levels.

You collected 388 gold pieces.
You spent 135 gold pieces at shops.

Inventory:

Hand Weapons
 d - a +4 spectral trident (weapon)
Armour
 b - a +0 robe (worn)
 f - a +0 cloak (worn)
 n - a +2 helmet
 q - a +2 helmet (worn)
Jewellery
 m - a ring of protection from cold (left hand)
Wands
 u - a wand of charming (4)
Scrolls
 c - a scroll of immolation
 h - 4 scrolls of teleportation
 j - a scroll of blinking
 o - 3 scrolls of fear
Potions
 e - a potion of flight
 g - a potion of mutation {unknown}
 i - 2 potions of invisibility
 p - 2 potions of curing
 r - 2 potions of lignification
 t - a potion of cancellation
 v - a potion of might
 w - 3 potions of heal wounds


   Skills:
 + Level 6.4 Fighting
 + Level 6.4 Polearms
 + Level 5.2 Spellcasting
 + Level 6.4 Fire Magic


You had 16 spell levels left.
You knew the following spells:

 Your Spells              Type           Power      Damage    Failure   Level
a - Scorch                Fire           48%        2d7       1%          2

Your spell library contained the following spells:

 Spells                   Type           Power      Damage    Failure   Level
 Sandblast                Erth           8%         2d5       16%         1
 Ensorcelled Hibernation  Hex/Ice        8%         N/A       22%         2
 Passwall                 Tmut/Erth      3%         N/A       22%         2
 Static Discharge         Conj/Air       4%         3-4/arc   22%         2
 Sublimation of Blood     Necr           4%         N/A       22%         2
 Wereblood                Tmut           4%         N/A       22%         2
 Frozen Ramparts          Ice            8%         1d2       41%         3
 Spider Form              Tmut/Pois      4%         N/A       41%         3
 Stone Arrow              Conj/Erth      8%         3d7       41%         3
 Fireball                 Conj/Fire      7%         3d5       73%         5
 Anguish                  Hex/Necr       2%         N/A       83%         4
 Ice Form                 Ice/Tmut       4%         N/A       83%         4
 Summon Ice Beast         Ice/Summ       4%         N/A       83%         4
 Iskenderun's Battlesphe  Conj           4%         2d6       99%         5
 Lightning Bolt           Conj/Air       2%         1d13      99%         5
 Conjure Ball Lightning   Conj/Air       2%         3x3d6     100%        6
 Orb of Destruction       Conj           2%         9d5       100%        7
 Summon Hydra             Summ           2%         N/A       100%        7
 Maxwell's Capacitive Co  Air            2%         ∞         100%        8
 Chain Lightning          Conj/Air       2%         3d2       100%        9
 Fire Storm               Conj/Fire      7%         8d2       100%        9
 Shatter                  Erth           2%         3d6*      100%        9


Dungeon Overview and Level Annotations

Branches:
Dungeon (7/15)             Temple (0/1) D:4

Altars:
Dithmenos
Qazlal

Shops:
D:5 *

Annotations:
D:7 5 transporters


Message History

The hornet misses you.
You closely miss the hornet.
The hornet is lightly wounded.
Your +4 spectral trident barely misses the hornet.
The hornet stings you!
You feel yourself slow down. The hornet stings you.
You are poisoned.
You feel as though you will be slow longer.
You barely miss the hornet.
The hornet is lightly wounded.
Your +4 spectral trident hits the hornet!
You feel very sick. The hornet completely misses you.
The hornet barely misses you.
You closely miss the hornet.
The hornet is heavily wounded.
Your +4 spectral trident barely misses the hornet.
You feel sick.
The hornet is no longer more vulnerable to fire.
The hornet stings you!
You suddenly lose the ability to move!
The orc priest hits your +4 spectral trident with a +0 hand axe.
The hornet stings you.
You feel as though you will be slow longer.
You feel sick. The hornet stings you.
You feel as though you will be slow longer.
The hornet stings you!
* * * LOW HITPOINT WARNING * * *
You are more poisoned.
You feel as though you will be slow longer.
You can move again.
You puncture the hornet!
The hornet is severely wounded.
Your +4 spectral trident hits the hornet!
You feel very sick. The hornet stings you!
* * * LOW HITPOINT WARNING * * *
You are more poisoned.
You feel as though you will be slow longer.
The orc priest barely misses you.
The orc priest barely misses your +4 spectral trident.
The hornet stings you.
You die...

##'#### #.# ... #.##### ...
######.....+ .... #....††..###
..... #........# #####.....
#........# #§.§......
#........####.oy..# ####
###........#....@(..##. #..
...........+...........# #.#
...........#....##########.######
...........#....###..............
...........#....##..#####...####.
###>.......#....#..##...#####..##
###############.#.##......cY.u.#8
#......# #.#.#.....©.©....#[
'......# #.#.#............'.


You could see a hornet, an orc priest and a friendly +4 spectral trident
(summoned).

Vanquished Creatures
  A wyvern (D:7)
  3 water moccasins
  An ice beast (D:7)
  A black bear (D:6)
  An ogre (D:6)
  A centaur (D:6)
  2 phantoms (D:5)
  2 bullfrogs
  3 scorpions
  A howler monkey (D:5)
  A jelly (D:6)
  4 orc priests
  4 hounds
  An orc wizard (D:3)
  3 gnolls (D:6)
  An adder (D:2)
  3 shadow imps (D:6)
  A white imp (D:3)
  2 worms
  2 dart slugs (D:1)
  16 orcs
  9 ball pythons
  3 bats (D:1)
  13 endoplasms
  5 giant cockroaches
  6 goblins
  3 hobgoblins
  A jackal (D:1)
  2 quokkas
  2 frilled lizards
  14 kobolds
  5 rats
117 creatures vanquished.

Vanquished Creatures (others)
  A plant (D:1)
1 creature vanquished.

Grand Total: 118 creatures vanquished

Notes
Turn   | Place    | Note
-------+----------+-------------------------------------------
     0 | D:1      | Radix the Human Cinder Acolyte began the quest for the Orb.
     0 | D:1      | Reached XP level 1. HP: 18/18 MP: 2/2
     3 | D:1      | Noticed an electric eel
     4 | D:1      | Noticed an electric eel
   525 | D:1      | Reached XP level 2. HP: 24/24 MP: 3/3
   852 | D:1      | Found a faded altar of an unknown god.
  1068 | D:1      | Reached XP level 3. HP: 25/29 MP: 5/5
  1599 | D:2      | Reached XP level 4. HP: 9/35 MP: 6/6
  2558 | D:3      | Reached XP level 5. HP: 39/41 MP: 8/8
  3441 | D:4      | Reached XP level 6. HP: 46/48 MP: 8/10
  3893 | D:4      | Found a staircase to the Ecumenical Temple.
  3929 | D:4      | Found a stormy altar of Qazlal.
  4208 | D:5      | Entered Level 5 of the Dungeon
  4597 | D:5      | Noticed a water moccasin
  4611 | D:5      | Killed a water moccasin
  4612 | D:5      | Reached XP level 7. HP: 5/55 MP: 11/11
  4613 | D:5      | HP: 1/55 [poisoned by a water moccasin]
  4876 | D:5      | Found Onowohus's Assorted Antiques.
  4964 | D:5      | Bought a scroll of identify for 54 gold pieces
  4964 | D:5      | Bought a scroll labelled RUMOIZAIWEU for 27 gold pieces
  4964 | D:5      | Bought a scroll of identify for 54 gold pieces
  5012 | D:5      | Learned a level 2 spell: Scorch
  5628 | D:6      | Reached skill level 5 in Fighting
  5628 | D:6      | Reached skill level 5 in Polearms
  5628 | D:6      | Reached skill level 5 in Fire Magic
  5628 | D:6      | Reached XP level 8. HP: 59/62 MP: 13/13
  6264 | D:6      | Found a shadowy altar of Dithmenos.
  6672 | D:7      | Noticed a wyvern
  6679 | D:7      | Reached XP level 9. HP: 46/69 MP: 12/16
  6681 | D:7      | Reached skill level 5 in Spellcasting
  6961 | D:7      | Found a transporter.
  6961 | D:7      | Noticed a five-headed hydra
  6961 | D:7      | Noticed a hornet
  6961 | D:7      | Noticed a manticore
  6962 | D:7      | Noticed a manticore
  6977 | D:7      | Found a transporter.
  6977 | D:7      | Found a transporter.
  6981 | D:7      | Noticed a white ugly thing
  6992 | D:7      | Found a transporter.
  6994 | D:7      | Noticed a troll
  7007 | D:7      | Found a transporter.
  7027 | D:7      | Noticed a hornet
  7033 | D:7      | Paralysed by a hornet for 2 turns
  7035 | D:7      | Slain by a hornet

Illustrated notes

Levels and vault maps discovered:
D:1:      arrival_aquarium_b, layout_loops_ring,
          hellmonk_ecumenical_altar_crossroads, serial_bayou_pond_b
D:2:      layout_rooms, kennysheep_cluttered_room,
          amcnicky_mini_rare_corridor_liquid
D:3:      layout_basic
D:4:      layout_loops_ring, nicolae_qazlal_eye_of_the_storm,
          minmay_temple_entry_statues_pillars, minmay_bisected
D:5:      layout_loops_ring, serial_shops, shop
D:6:      layout_basic, nicolae_dithmenos_shadow_blocks,
          kennysheep_generic_room_15
D:7:      gammafunk_the_bubble [the_bubble_gammafunk_roulette], layout_basic,
          lemuel_zombie_altar_yredelemnul, trog_book, minmay_statues_item,
          uniq_prince_ribbit1

Skill      XL: |  1  2  3  4  5  6  7  8  9 |
---------------+----------------------------+-----
Spellcasting   | 2 3 4 5 |  5.2
Polearms       | 4 5 6 |  6.4
Fire Magic     | 4 5 6 |  6.4
Fighting       | 4 5 6 |  6.4

Action                   |  1- 3 |  4- 6 |  7- 9 || total
-------------------------+-------+-------+-------++-------
Melee: Spear             |    95 |   215 |       ||   310
       Punch             |       |     1 |     3 ||     4
       Trident           |       |       |    59 ||    59
 Cast: Scorch            |       |       |     9 ||     9
Invok: Fiery Armour      |     2 |     5 |     1 ||     8
  Use: Scroll            |       |       |    20 ||    20
       Potion            |       |       |     3 ||     3
 Stab: Sleeping          |     1 |       |       ||     1
Armor: Robe              |    23 |    74 |    23 ||   120
Dodge: Dodged            |    66 |   101 |    28 ||   195
